 Dungeon Crawl Stone Soup version 0.29.0-4-gdea44cf6ec (webtiles) character file.

Game seed: 12715016500692588618

219 qw the Chopper (level 5, -8/30 HPs)
             Began as a Tengu Warper on Aug 28, 2022.
             Mangled by Terence
             ... wielding a +0 falchion
              (9 damage)
             ... on level 2 of the Dungeon.
             The game lasted 00:00:10 (1856 turns).

qw the Chopper (Tengu Warper)                       Turns: 1856, Time: 00:00:10

Health: -8/30      AC:  0    Str: 14    XL:     5   Next: 96%
Magic:  9/9        EV: 23    Int: 13    God:
Gold:   103        SH:  0    Dex: 18    Spells: 8/8 levels left

rFire   . . .      SeeInvis .   (weapon currently unavailable)
rCold   . . .      Faith    .   (shield currently unavailable)
rNeg    . . .      Spirit   .   (body armour currently unavailable)
rPois   .          Reflect  .   (helmet currently unavailable)
rElec   .          Harm     .   (cloak currently unavailable)
rCorr   .          Rampage  .   (gloves currently unavailable)
Will    .....                   (boots unavailable)
Stlth   ++........              (no amulet)
HPRegen 0.10/turn               (ring currently unavailable)
MPRegen 0.11/turn               (ring currently unavailable)

@: bat-form, flying quickly and evasively, very quick
A: fast, flying, no casting, tiny, (beak), (talons 3), nimble flight
a: no special abilities


You were on level 2 of the Dungeon.
You were a bat.
You visited 1 branch of the dungeon, and saw 2 of its levels.

You collected 129 gold pieces.
You spent 26 gold pieces at shops.


Innate Abilities, Weirdness & Mutations

You are a bat.
You are tiny and dextrous.
You move quickly.
You are flying.
Your equipment is almost entirely melded.
You are incapable of wielding weapons or throwing items.
You cannot cast spells.
((You have a beak for a mouth.))
((You have claws for feet.))
Your magical nature lets you fly swiftly and evasively.


   Skills:
 - Level 2.0 Fighting
 - Level 6.6 Axes
 - Level 1.0 Throwing
 - Level 1.1 Armour
 + Level 2.1 Dodging
 - Level 2.0 Spellcasting
 - Level 2.4 Translocations


You had 8 spell levels left.
You didn't know any spells.
Your spell library contained the following spells:

 Spells                   Type           Power      Damage    Failure   Level
 Blink                    Tloc           14%        N/A       14%         2
 Gell's Gravitas          Tloc           7%         N/A       28%         3
 Lesser Beckoning         Tloc           7%         N/A       28%         3
 Teleport Other           Tloc           7%         N/A       28%         3
 Manifold Assault         Tloc           7%         N/A       95%         5

Inventory:

Hand Weapons
 h - a +0 mace
 Y - a +0 hand axe (melded)
Armour
 f - a +0 ring mail (melded)
Potions
 a - a potion of brilliance {unknown}
 b - 2 potions of degeneration {unknown}
 d - 2 potions of curing
 g - a potion of lignification {unknown}

Dungeon Overview and Level Annotations

Branches:
Dungeon (2/15)

Altars:
Kikubaaqudgha

Shops:
D:1 *

Annotations:
D:2 Terence


Message History

You hit Terence but do no damage.
Terence is heavily wounded.
Terence closely misses you.
You hit Terence but do no damage.
Terence is heavily wounded.
Terence misses you.
You hit Terence but do no damage.
Terence is heavily wounded.
Terence misses you.
You hit Terence.
Terence is heavily wounded.
Terence closely misses you.
You hit Terence but do no damage.
Terence is heavily wounded.
Terence hits you with a +0 falchion.
You hit Terence but do no damage.
Terence is heavily wounded.
Terence completely misses you.
You barely miss Terence.
Terence is heavily wounded.
Terence hits you with a +0 falchion!
You hit Terence but do no damage.
Terence is heavily wounded.
You hit Terence but do no damage.
Terence is heavily wounded.
Terence misses you.
You hit Terence.
Terence is severely wounded.
Terence completely misses you.
You hit Terence.
Terence is severely wounded.
You feel less batty.
Your +0 hand axe unmelds from your body.
Your +0 ring mail unmelds from your body.
Terence zaps a wand.
You turn into a bat.
Your +0 hand axe melds into your body.
Your +0 ring mail melds into your body.
You hit Terence but do no damage.
Terence is severely wounded.
Terence hits you with a +0 falchion!
You die...

.#.###.#.####.###..#.............
................>....##.##.......
##.#.#.##............#...#.......
#.#.#.##.###.##..##).._...##..#.
##.#.#.##)###.##..##.#...#.##..#.
..............##..##.##.##.##..#.
...#...##.###..............##..#.
..............##..##.###.####..#.
...#.####.### #b.##.###.####....
...... .......(@................
...... .........................
+#.#.# #.###.##..##..##########.
...... #.# #. .....^.# #. .# #
#..#..... .. 7 #.... ## ... 7
#..### ##


You could see Terence.

Vanquished Creatures
  Sigmund (D:2)
  Jessica (D:2)
  2 ball pythons
  7 bats
  4 endoplasms
  A giant cockroach (D:1)
  A goblin (D:1)
  3 hobgoblins
  4 quokkas
  9 frilled lizards (D:1)
  A kobold (D:1)
  A rat (D:1)
35 creatures vanquished.

Notes
Turn   | Place    | Note
-------+----------+-------------------------------------------
     0 | D:1      | qw the Tengu Warper began the quest for the Orb.
     0 | D:1      | Reached XP level 1. HP: 12/12 MP: 4/4
     0 | D:1      | 0 ||| qw: Version: 0.1-a-89-g26bdef1
     0 | D:1      | 0 ||| qw: Game counter: 1735
     0 | D:1      | 0 ||| qw: Always use a shield: true
     0 | D:1      | 0 ||| qw: God list: Okawaru
     0 | D:1      | 0 ||| qw: Allow faded altars: false
     0 | D:1      | 0 ||| qw: Do Orc after D:15 true
     0 | D:1      | 0 ||| qw: Do second Lair branch before Depths: true
     0 | D:1      | 0 ||| qw: Lair rune preference: random
     0 | D:1      | 0 ||| qw: Plans: Normal
     0 | D:1      | 0 ||| PLANNING D:1-11
   171 | D:1      | 171 ||| Stepping ~*~*~tactically~*~*~ (stealth).
   179 | D:1      | Reached XP level 2. HP: 15/17 MP: 6/6
   186 | D:1      | Reached skill level 3 in Axes
   425 | D:1      | Reached XP level 3. HP: 17/21 MP: 7/7
   500 | D:1      | Found Omoz's Assorted Antiques.
   509 | D:1      | 509 ||| SHOPLISTING peridot ring (130 gold, have 45).
   509 | D:1      | 509 ||| BUYING scroll labelled LERHYCVEKOD (26 gold).
   509 | D:1      | Bought a scroll labelled LERHYCVEKOD for 26 gold pieces
   509 | D:1      | 509 ||| SHOPLISTING scroll labelled XIGYVU WERUME (26 gold,
                  | have 19).
   509 | D:1      | 509 ||| SHOPLISTING silvery potion (23 gold, have 19).
   509 | D:1      | 509 ||| SHOPLISTING warped ring mail (234 gold, have 19).
   740 | D:1      | 740 ||| Stepping ~*~*~tactically~*~*~ (stealth).
   741 | D:1      | 741 ||| Stepping ~*~*~tactically~*~*~ (stealth).
   924 | D:1      | 924 ||| UPGRADING to +0 ring mail.
   934 | D:1      | 934 ||| DROPPING +0 leather armour.
   935 | D:1      | 935 ||| DROPPING ring of flight.
   936 | D:1      | 936 ||| READING 2 scrolls labelled MIFAESTREUCH.
   937 | D:1      | 937 ||| READING scroll labelled LERHYCVEKOD.
   938 | D:1      | 938 ||| DRINKING 2 fuming cyan potions.
   939 | D:1      | 939 ||| DRINKING 2 pink potions.
  1040 | D:1      | 1040 ||| DROPPING scroll of immolation.
  1041 | D:1      | 1041 ||| DROPPING scroll of blinking.
  1042 | D:1      | 1042 ||| DROPPING potion of ambrosia.
  1230 | D:2      | Found an ancient bone altar of Kikubaaqudgha.
  1240 | D:2      | Noticed Sigmund
  1241 | D:2      | 1241 ||| Stepping ~*~*~tactically~*~*~ (hiding).
  1256 | D:2      | HP: 2/21 [something (7)]
  1257 | D:2      | Killed Sigmund
  1258 | D:2      | Reached skill level 6 in Axes
  1258 | D:2      | Reached XP level 4. HP: 3/26 MP: 8/8
  1258 | D:2      | Gained mutation: Your magical nature lets you fly swiftly
                  | and evasively. [Tengu growth]
  1258 | D:2      | Reached XP level 5. HP: 4/30 MP: 9/9
  1686 | D:2      | Noticed Jessica
  1694 | D:2      | Killed Jessica
  1797 | D:2      | Found a faded altar of an unknown god.
  1821 | D:2      | Noticed Terence
  1851 | D:2      | HP: 1/30 [Terence/+0 falchion (10)]
  1856 | D:2      | Mangled by Terence

Levels and vault maps discovered:
D:1:      lightli_arrival_farm, layout_loops_ring, serial_shops,
          nicolae_shop_crystal, minmay_lizard_pond
D:2:      layout_basic, basic_altar, ebering_ecumenical_altar_box,
          serial_bayou_crossing, uniq_jessica, uniq_sigmund, uniq_terence

Skill      XL: |  1  2  3 |
---------------+----------+-----
Axes           | 3 6 |  6.6
Fighting       | |  2.0
Throwing       | |  1.0
Armour         | |  1.1
Dodging        | |  2.1
Spellcasting   | |  2.0
Translocations | |  2.4

Action                   |  1- 3 |  4- 6 || total
-------------------------+-------+-------++-------
Melee: Hand axe          |    72 |    13 ||    85
       Peck              |    11 |     3 ||    14
       Kick              |    17 |     3 ||    20
       Unarmed           |       |    30 ||    30
Throw: Boomerang         |     7 |       ||     7
  Use: Scroll            |     2 |       ||     2
       Potion            |     2 |       ||     2
Armor: Leather armour    |    19 |       ||    19
       Ring mail         |     4 |     2 ||     6
Dodge: Dodged            |    47 |    25 ||    72

Table legend:
 A = Non-vault XP
 B = Vault XP
 C = Vault XP percentage of total XP
 D = Non-vault monster count
 E = Vault monster count
 F = Vault count percentage of total count
                 A         B        C        D         E       F
            +---------+---------+-------+---------+---------+-------
      Total |      43 |     270 |  86.3 |      26 |       9 |  25.7
            +---------+---------+-------+---------+---------+-------
        D:1 |      32 |       7 |  17.9 |      19 |       7 |  26.9
        D:2 |      11 |     263 |  96.0 |       7 |       2 |  22.2
            +---------+---------+-------+---------+---------+-------
